 Dungeon Crawl Stone Soup version 0.29.1-1-gd02db6906a (webtiles) character file.

Game seed: 13889096746401067464

7 H0rd4k the Insei (level 2, -2/18 HPs)
             Began as an Octopode Transmuter on Oct 17, 2022.
             Slain by a jackal (3 damage)
             ... on level 1 of the Dungeon.
             The game lasted 00:00:22 (605 turns).

H0rd4k the Insei (Octopode Transmuter)               Turns: 605, Time: 00:00:23

Health: -2/18      AC:  1    Str:  9    XL:     2   Next: 4%
Magic:  5/5        EV: 13    Int: 15    God:
Gold:   16         SH:  0    Dex: 12    Spells: 4/5 levels left

rFire   . . .      SeeInvis .     - Unarmed
rCold   . . .      Faith    .   (no shield)
rNeg    . . .      Spirit   .   (helmet restricted)
rPois   .          Reflect  .   (no amulet)
rElec   .          Harm     .   (no ring)
rCorr   .          Rampage  .   (no ring)
Will    .....                   (no ring)
Stlth   ++........              (no ring)
HPRegen 0.06/turn               (no ring)
MPRegen 0.09/turn               (no ring)
                                (no ring)
                                (no ring)

@: no status effects
A: almost no armour, amphibious, 8 rings, camouflage 1, gelatinous body 1,
(nimble swimmer 1), tentacles
a: no special abilities


You were on level 1 of the Dungeon.
You visited 1 branch of the dungeon, and saw 2 of its levels.

You collected 16 gold pieces.

Inventory:

Jewellery
 f - a +6 ring of intelligence
Scrolls
 b - a scroll of vulnerability {unknown}
 e - a scroll of enchant armour {unknown}
 h - a scroll of identify {unknown}
Potions
 a - a potion of lignification
 c - 2 potions of mutation {unknown}
 d - 2 potions of flight {unknown}
 g - 2 potions of heal wounds {unknown}


   Skills:
 + Level 1.0 Fighting
 + Level 2.1 Dodging
 + Level 3.3 Unarmed Combat
 + Level 2.1 Spellcasting
 + Level 2.0 Transmutations


You had 4 spell levels left.
You knew the following spells:

 Your Spells              Type           Power      Damage    Failure   Level
a - Beastly Appendage     Tmut           14%        N/A       10%         1

Your spell library contained the following spells:

 Spells                   Type           Power      Damage    Failure   Level
 Wereblood                Tmut           7%         N/A       14%         2
 Spider Form              Tmut/Pois      4%         N/A       41%         3
 Ice Form                 Ice/Tmut       4%         N/A       82%         4


Dungeon Overview and Level Annotations

Branches:
Dungeon (2/15)

Altars:

Shops:
D:1 (


Innate Abilities, Weirdness & Mutations

You cannot wear most types of armour.
You are amphibious.
You can wear up to eight rings at the same time.
Your skin changes colour to match your surroundings (Stealth+).
Your rubbery body absorbs attacks. (AC +1, EV +1)
((You are camouflaged when in or above water. (Stealth+)))
You have tentacles for arms and can constrict up to eight enemies at once.


Message History

You now have 16 gold pieces (gained 5).
Found a stone staircase leading up.
No target in view!
Found a stone staircase leading down.
h - a scroll labelled TYADWEJOOR No target in view!
There is a stone staircase leading down here. 2 jackals come into view.
Found a scroll labelled DAIBBU YXUHYGE.
The jackal barks!
You hear a shout!
A worm comes into view.
The jackal barks!
A goblin comes into view. It is wielding a +0 club.
There are monsters nearby!
You tentacle-slap the jackal but do no damage.
You grab the jackal.
You constrict the jackal, but do no damage.
The jackal bites you.
A jackal comes into view.
There are monsters nearby!
You tentacle-slap the jackal but do no damage.
You constrict the jackal, but do no damage.
The jackal closely misses you.
You release your grip on the jackal.
The jackal attacks as you move away! The jackal barely misses you.
Found 9 stones.
The goblin barely misses you.
There is a stone staircase leading up here.
The jackal bites you. x2; The goblin hits you with a +0 club.
You climb upwards.
There is a stone staircase leading down here.
You tentacle-slap the goblin. Your grab misses the goblin.
The goblin is heavily wounded.
The jackal bites you. x2
* * * LOW HITPOINT WARNING * * *
The goblin barely misses you.
You tentacle-slap the goblin.
You kill the goblin!
The jackal bites you.
* * * LOW HITPOINT WARNING * * *
The jackal bites you.
You die...

### #..
#.#
#.###h##
#...)@h#
########


You could see 2 jackals.

Vanquished Creatures
  3 bats
  2 goblins
  A hobgoblin (D:1)
  A ball python (D:2)
  A kobold (D:1)
8 creatures vanquished.

Notes
Turn   | Place    | Note
-------+----------+-------------------------------------------
     0 | D:1      | H0rd4k the Octopode Transmuter began the quest for the Orb.
     0 | D:1      | Reached XP level 1. HP: 13/13 MP: 3/3
    54 | D:1      | Found Zusk's Weapon Boutique.
   408 | D:1      | You fall into a shaft and drop 1 floor!
   418 | D:2      | Reached XP level 2. HP: 9/18 MP: 5/5
   605 | D:1      | Slain by a jackal

Illustrated notes

Levels and vault maps discovered:
D:1:      dpeg_arrival_short_road, layout_basic,
          dreamdust_ecumenical_altar_grove, serial_shops,
          nicolae_shop_bloodbath_and_beyond
D:2:      layout_rooms

Action                   || total
-------------------------++-------
Melee: Unarmed           ||    25
       Constrict         ||     9
       Tentacles         ||     3
 Stab: Sleeping          ||     2
Armor: Skin              ||     3
Dodge: Dodged            ||    30
